 Dungeon Crawl Stone Soup version 0.31-a0-705-ga145531891 (webtiles) character file.

Game seed: 10447257720662072135

6687 randomguy2701 the Cleaver (level 11, -7/97 HPs)
             Began as a Hill Orc Fighter on Sept 9, 2023.
             Was a Priest of Beogh.
             Mangled by a meliai
             ... wielding a +0 war axe
              (8 damage)
             ... in a Gauntlet.
             The game lasted 00:16:57 (9327 turns).

randomguy2701 the Cleaver (Hill Orc Fighter)        Turns: 9327, Time: 00:16:58

Health: -7/97      AC: 15    Str: 28    XL:     11   Next: 3%
Magic:  11/11      EV:  8    Int:  8    God:    Beogh [***...]
Gold:   532        SH:  5    Dex: 12    Spells: 10/10 levels left

rFire   . . .        a - +0 war axe
rCold   . . .        c - +0 buckler
rNeg    . . .        x - +0 plate armour {Will+}
rPois   .            (no helmet)
rElec   .            (no cloak)
rCorr   .            (no gloves)
SInv    .            j - +0 pair of boots
Will    +....        E - amulet of the acrobat Stlth
                     y - +6 ring of strength
HPRegen 0.36/turn    u - ring of flight
MPRegen 0.12/turn

%: no teleportation, acrobat
@: flying
A: no striking features
a: Renounce Religion, Smiting


You were in a Gauntlet.
You worshipped Beogh.
Beogh was most pleased with you.
You visited 2 branches of the dungeon, and saw 10 of its levels.
You also visited: Gauntlet.

You collected 532 gold pieces.

Inventory:

Hand Weapons
 a - a +0 war axe (weapon)
Armour
 c - a +0 buckler (worn)
 j - a +0 pair of boots (worn)
 x - a +0 plate armour of willpower (worn)
Jewellery
 k - an amulet of faith
 n - a ring of positive energy
 s - a ring of willpower
 u - a ring of flight (right hand)
 y - a +6 ring of strength (left hand)
 E - an amulet of the acrobat (around neck)
 F - a ring of fire
Wands
 p - a wand of flame (16)
 v - a wand of roots (4)
Scrolls
 d - 2 scrolls of enchant armour {unknown}
 h - 4 scrolls of poison {unknown}
 q - 2 scrolls of brand weapon {unknown}
 r - 2 scrolls of vulnerability {unknown}
 z - 2 scrolls of revelation {unknown}
 D - a scroll of amnesia {unknown}
 G - a scroll of teleportation {unknown}
Potions
 b - 2 potions of brilliance {unknown}
 e - a potion of attraction
 f - 2 potions of mutation {unknown}
 g - a potion of enlightenment
 i - 2 potions of curing
 m - 2 potions of resistance {unknown}
 o - 3 potions of magic
 t - a potion of haste {unknown}
 w - a potion of invisibility {unknown}
 B - a potion of berserk rage {unknown}
 C - a potion of ambrosia {unknown}


   Skills:
 + Level 9.2 Fighting
 + Level 14.6 Axes
 + Level 9.5 Armour
 + Level 1.7 Dodging
 + Level 0.6 Stealth
 + Level 6.2 Shields


You had 10 spell levels left.
You didn't know any spells.
Your spell library contained the following spells:

 Spells                   Type           Power      Damage    Failure   Level
 Lesser Beckoning         Tloc           0%         N/A       99%         2
 Poisonous Vapours        Pois/Air       0%         N/A       99%         2
 Wereblood                Tmut           0%         N/A       99%         2
 Gell's Gravitas          Tloc           0%         N/A       100%        3
 Hailstorm                Conj/Ice       0%         3d3       100%        3
 Mephitic Cloud           Conj/Pois/Air  0%         N/A       100%        3
 Teleport Other           Tloc           0%         N/A       100%        3
 Tukima's Dance           Hex            0%         N/A       100%        3
 Dimensional Bullseye     Hex/Tloc       0%         N/A       100%        4
 Iskenderun's Mystic Bla  Conj/Tloc      0%         2d3       100%        4
 Manifold Assault         Tloc           0%         N/A       100%        4
 Summon Ice Beast         Ice/Summ       0%         N/A       100%        4
 Freezing Cloud           Conj/Ice/Air   0%         6-21      100%        5
 Irradiate                Conj/Tmut      0%         3d11      100%        5
 Dispersal                Tloc           0%         N/A       100%        6
 Simulacrum               Ice/Necr       0%         N/A       100%        6
 Disjunction              Tloc           0%         N/A       100%        8


Dungeon Overview and Level Annotations

Branches:
Dungeon (9/15)             Temple (0/1) D:4            Lair (1/5) D:8
    Orc (0/2) D:9         Gauntlet (1/1)

Altars:
Elyvilon
Vehumet
Wu Jian

Annotations:
D:6 3 runed translucent doors, freelancePsychic's ghost, novice DEBr Gauntlet 8 transporters, exclusions: ice statue and obsidian statue


Message History

The meliai hits you with a +0 hand axe! The meliai stings you.
The meliai hits you with a +0 hand axe.
The meliai stings you but does no damage.
Aiming: Smiting
Press: ? - help, Dir - move target, f - meliai Smite: a meliai, wielding a +0 hand axe and wearing a +0 robe (lightly wounded)
Okay, then.
Blink to where?
Press: ? - help, Q - select action, (/) - cycle Dir - move target, f - you
Okay, then.
Okay, then.
Blink to where?
Press: ? - help, Q - select action, (/) - cycle Dir - move target There's something in the way.
Okay, then.
Okay, then.
The meliai attacks as it pursues you! The meliai hits you with a +0 hand axe.
You block the meliai's attack. The meliai closely misses you. x2
The meliai invokes the aid of its god against you.
Something smites you!
* * * LOW HITPOINT WARNING * * *
The meliai completely misses you.
The meliai stings you but does no damage.
Blink to where?
Press: ? - help, Q - select action, (/) - cycle Dir - move target
As you read the scroll of blinking, it crumbles to dust.
The meliai barely misses you. The meliai stings you.
* * * LOW HITPOINT WARNING * * *
The meliai barely misses you. You block the meliai's attack.
You enter the transporter and appear at another place.
The meliai invokes the aid of its god against you.
Something smites you!
* * * LOW HITPOINT WARNING * * *
The meliai mumbles some strange prayers to its god against you.
Something smites you!
* * * LOW HITPOINT WARNING * * *
You closely miss the meliai. The meliai hits you but does no damage.
The meliai closely misses you.
You barely miss the meliai. The meliai hits you with a +0 war axe!
You die...

# ### ### ### ### ### ### ### ###
###≈###≈###≈###≈###≈###≈###≈###≈#
≈#≈≈≈#≈≈≈#≈≈≈#≈≈≈#≈≈≈#≈≈≈#≈≈≈#≈≈≈
.................................
####...#########...#########...##
..8#.8.##.#y#.##.8.#.......#.8.#.
##!#...#.#.#.#y#...#w.#....#...##
.#?######.#©#.######.###..(######
.#©#©.©#.#.#^#y#@.©#w.#©#.©#©.©##
.#.#...##.#.#.##y..#w..###.#...#.
#..#...#.#.#.#=#...#....#.?#...#.
...#8©8##.#.#.##8©8#.....ww#8©8#.
#################################
.................................
≈#...8⌠8..8∩8..8⌠8...#≈≈≈#≈≈≈#≈≈≈
###.................###≈###≈###≈#
# ################### ### ### ###


You could see 3 swamp worms and 3 meliai.

Vanquished Creatures
  A fire crab (Gauntlet)
  A cane toad (Lair:1)
  A rime drake (Gauntlet)
  A blink frog (Lair:1)
  A wraith (D:7)
  2 yaks (Lair:1)
  A steam dragon (D:6)
  4 fire bats (Gauntlet)
  Menkaure (D:7)
  An acid dragon (D:8)
  Duvessa (D:7)
  An orc warrior (D:7)
  2 ice beasts
  A sky beast (D:7)
  A black bear (D:6)
  2 ogres
  3 centaurs
  A phantom (D:7)
  4 bullfrogs
  3 kobold brigands
  A gnoll sergeant (D:4)
  2 scorpions
  5 wights (D:8)
  Dowan (D:7)
  6 killer bees (D:9)
  A howler monkey (D:5)
  2 orc priests
  A gnoll bouda (D:5)
  7 hounds
  2 sleepcaps (D:6)
  Natasha (thrice) (D:4)
  2 iguanas (D:6)
  6 orc wizards
  5 gnolls
  9 adders
  2 white imps
  An ufetubus (D:7)
  4 worms
  11 dart slugs
  35 orcs
  5 bats
  2 endoplasms (D:4)
  A giant cockroach (D:3)
  4 goblins
  5 hobgoblins
  3 jackals (D:4)
  16 kobolds
  3 quokkas
  3 ball pythons
  3 frilled lizards
  5 rats
189 creatures vanquished.

Vanquished Creatures (collateral kills)
  A komodo dragon (D:8)
  Grinder (D:4)
  4 blink frogs (Lair:1)
  2 yaks (Lair:1)
  2 orcs
10 creatures vanquished.

Vanquished Creatures (others)
  An iguana (D:3)
  A dart slug (D:3)
  5 orcs
  An endoplasm (D:3)
  A quokka (D:3)
9 creatures vanquished.

Grand Total: 208 creatures vanquished

Notes
Turn   | Place    | Note
-------+----------+-------------------------------------------
     0 | D:1      | randomguy2701 the Hill Orc Fighter began the quest for the
                  | Orb.
     0 | D:1      | Reached XP level 1. HP: 19/19 MP: 1/1
   227 | D:1      | Reached XP level 2. HP: 27/27 MP: 2/2
   577 | D:2      | Reached skill level 3 in Axes
   643 | D:2      | Reached XP level 3. HP: 32/33 MP: 3/3
  1142 | D:3      | Reached skill level 4 in Axes
  1145 | D:3      | Became a worshipper of Beogh the Brigand
  1147 | D:3      | Reached XP level 4. HP: 39/40 MP: 4/4
  1299 | D:3      | Reached skill level 5 in Axes
  1299 | D:3      | Reached XP level 5. HP: 21/47 MP: 5/5
  1584 | D:3      | Reached * piety under Beogh
  1691 | D:3      | Found a radiant altar of Vehumet.
  1692 | D:3      | Found an ornate altar of the Wu Jian Council.
  1693 | D:3      | Found a white marble altar of Elyvilon.
  1976 | D:4      | Reached skill level 6 in Axes
  2020 | D:4      | Found a staircase to the Ecumenical Temple.
  2025 | D:4      | Reached XP level 6. HP: 50/53 MP: 6/6
  2150 | D:4      | Noticed Natasha
  2158 | D:4      | Killed Natasha
  2224 | D:4      | Noticed Grinder
  2224 | D:4      | Noticed Natasha
  2224 | D:4      | Paralysed by Grinder for 5 turns
  2260 | D:4      | Killed Natasha
  2413 | D:4      | Noticed Natasha
  2424 | D:4      | Killed Natasha
  2758 | D:4      | Reached skill level 5 in Fighting
  2794 | D:4      | Reached skill level 7 in Axes
  3005 | D:4      | Reached XP level 7. HP: 49/61 MP: 7/7
  3205 | D:5      | Entered Level 5 of the Dungeon
  3397 | D:5      | Reached skill level 5 in Armour
  3688 | D:5      | Reached ** piety under Beogh
  3689 | D:5      | Reached skill level 1 in Dodging
  3894 | D:5      | Reached skill level 8 in Axes
  3952 | D:5      | Found the +7 staff of the Meek {protect, meekguard}
  4294 | D:6      | Reached XP level 8. HP: 68/69 MP: 8/8
  4347 | D:6      | Noticed a boulder beetle
  4349 | D:6      | Noticed freelancePsychic's ghost (novice DEBr)
  4369 | D:6      | Found a runed translucent gate.
  4495 | D:6      | Found a runed translucent gate.
  4496 | D:6      | Found a runed translucent gate.
  4614 | D:6      | Reached skill level 9 in Axes
  5272 | D:7      | Noticed a wraith
  5294 | D:7      | Killed a wraith
  5295 | D:7      | Reached skill level 10 in Axes
  5295 | D:7      | Reached XP level 9. HP: 58/78 MP: 9/9
  5367 | D:7      | Noticed Duvessa
  5370 | D:7      | Noticed Dowan
  5386 | D:7      | Killed Dowan
  5391 | D:7      | Killed Duvessa
  5633 | D:7      | Reached skill level 11 in Axes
  5793 | D:7      | Noticed Menkaure
  5798 | D:7      | Killed Menkaure
  5872 | D:7      | Reached skill level 5 in Shields
  5963 | D:7      | Reached *** piety under Beogh
  6454 | D:8      | Reached skill level 12 in Axes
  6825 | D:8      | Found a staircase to the Lair.
  6825 | D:8      | Noticed a komodo dragon
  6830 | D:8      | Identified the +1 spear of Disorder {antimagic, Drain rElec
                  | rPois Dex+2}
  7205 | D:9      | Reached XP level 10. HP: 88/88 MP: 10/10
  7343 | D:9      | Reached skill level 13 in Axes
  7477 | D:9      | Found a staircase to the Orcish Mines.
  7590 | D:9      | Noticed a cyclops
  8319 | D:4      | Paralysed by Grinder for 5 turns
  8321 | D:4      | Killed Grinder
  8434 | Lair:1   | Entered Level 1 of the Lair of Beasts
  8623 | Lair:1   | Noticed a cane toad
  8628 | Lair:1   | Killed a cane toad
  8643 | Lair:1   | Found a gate leading to a gauntlet.
  8692 | Gauntlet | Entered a Gauntlet
  8692 | Gauntlet | Noticed a fire crab
  8692 | Gauntlet | Found a transporter.
  8699 | Gauntlet | Found a transporter.
  8702 | Gauntlet | Found a transporter.
  8703 | Gauntlet | Found a transporter.
  8714 | Gauntlet | Found a transporter.
  8714 | Gauntlet | Found a transporter.
  8715 | Gauntlet | Found a transporter.
  8724 | Gauntlet | Found a transporter.
  8726 | Gauntlet | Found a transporter.
  8727 | Gauntlet | Found a transporter.
  8738 | Gauntlet | Found a transporter.
  8738 | Gauntlet | Found a transporter.
  8739 | Gauntlet | Found a transporter.
  8745 | Gauntlet | Noticed an obsidian statue
  8747 | Gauntlet | Found a transporter.
  8805 | Gauntlet | Noticed an ice statue
  8906 | Gauntlet | Killed a fire crab
  8907 | Gauntlet | Reached skill level 14 in Axes
  9138 | Gauntlet | Reached XP level 11. HP: 68/97 MP: 11/11
  9325 | Gauntlet | HP: 1/97 [meliai/divine providence (11)]
  9327 | Gauntlet | Mangled by a meliai

Illustrated notes

Levels and vault maps discovered:
D:1:      minmay_arrival_diagonal_passages, layout_loops_cross, serial_forest,
          infiniplex_forest_lined_3_way, infiniplex_forest_lined_4_way,
          infiniplex_forest_corner_1, infiniplex_forest_corner_2, minmay_vboxes
D:2:      layout_basic, serial_bayou_ford_a
D:3:      kennysheep_slugbush, layout_basic, gammafunk_temple_overflow_claw,
          chequers_mini_garden
D:4:      layout_basic, minmay_temple_entry_drinking_statues, minivault_4,
          uniq_grinder, uniq_natasha
D:5:      layout_loops_cross, hangedman_minor_gate_pass
D:6:      layout_rooms, gammafunk_ghost_split, kennysheep_nondescript,
          st_stairs_11, chequers_serial_rivers_micro_a
D:7:      nicolae_BIG_FREAKIN_CUBE, layout_basic, kennysheep_generic_room_6,
          uniq_duvessa, uniq_menkaure
D:8:      layout_basic, david_lair_shrubbed
D:9:      layout_cave_pods, orc_david_3, st_stairs_3
Lair:1:   layout_roguey, gauntlet_entry_generic, lemuel_fruit_fields,
          infiniplex_staircase_pool, grunt_megastairs_5, serial_bayou_shore_a,
          serial_bayou_shore_b, uniq_jeremiah
Gauntlet: gammafunk_gauntlet_77_escape_option [minmay_gauntlet_arena_77_fan,
          minmay_gauntlet_arena_77_box, minmay_gauntlet_arena_77_checkered,
          minmay_gauntlet_arena_77_double_cross,
          minmay_gauntlet_arena_77_broken_ladder, gauntlet_exit_hidden_loot]

Skill      XL: |  1  2  3  4  5  6  7  8  9 10 |
---------------+-------------------------------+-----
Fighting       | 4 5 6 8 9 |  9.2
Axes           | 3 4 5 6 7 8 10 12 14 | 14.6
Armour         | 4 5 6 7 9 |  9.5
Dodging        | 1 |  1.7
Shields        | 4 5 6 |  6.2
Stealth        | |  0.6

Action                     |  1- 3 |  4- 6 |  7- 9 | 10-12 || total
---------------------------+-------+-------+-------+-------++-------
  Melee: War axe           |    88 |   164 |   416 |   105 ||   773
 Invoke: Convert to Beogh  |     1 |       |       |       ||     1
    Use: Scroll            |     3 |       |       |     5 ||     8
         Potion            |       |       |     1 |     5 ||     6
 Armour: Scale mail        |    50 |   161 |    63 |       ||   274
         Plate armour      |       |       |   326 |   135 ||   461
  Dodge: Dodged            |    37 |    86 |   123 |    68 ||   314
  Block: Buckler           |    12 |    41 |    81 |    35 ||   169

Table legend: (Time is in decaauts)
 A = Elapsed time spent in this place.
 B = Non-inter-level travel time spent in this place.
 C = Inter-level travel time spent in this place.
 D = Time resting spent in this place.
 E = Time spent auto-exploring this place.
 F = Levels seen in this place.
 G = Mean time per level.
                   A        B        C        D        E       F      G
               +--------+--------+--------+--------+--------+-----+--------+
         Total |   9452 |   8876 |    576 |    283 |   6816 |  11 |  859.3 |
       Dungeon |   8569 |   7993 |    576 |    100 |   6329 |   9 |  952.1 |
          Lair |    254 |    254 |      0 |    183 |     10 |   1 |  254.0 |
      Gauntlet |    628 |    628 |      0 |      0 |    477 |   1 |  628.0 |
               +--------+--------+--------+--------+--------+-----+--------+

Top non-repeatable levels by time:
     D:4: 1583 daAuts
     D:6: 1281 daAuts
     D:8: 1145 daAuts
     D:5: 1102 daAuts
     D:3: 968 daAuts
     D:7: 888 daAuts
     D:2: 658 daAuts
Gauntlet: 628 daAuts
     D:1: 517 daAuts
     D:9: 423 daAuts
  Lair:1: 254 daAuts
